AoeStats
← Le Suricate Cocasse

Arabia

505303612Analyzed
3v3 RM · 25d ago on Sep 8, 2026· 53m 23s· 6 players
Game mode
Random Map
Map size
Normal (6 player)
Population
200
Speed
Normal
Resources
Standard
Victory
Conquest
Starting age
Dark Age
Ending age
Imperial Age
RankedLock teamsTeams togetherTeam positionsShared explorationLock speedFull tech treeHidden civsTurbo modeCheats
Victory
Defeat
🇪🇸 Persians · Spain
1273
+16
🇪🇸 Magyars · Spain
1262
+17
🇪🇸 Khmer · Spain
1158
+21
🇫🇷 Koreans · France
1366
-21
🇫🇷 Ethiopians · France
1320
-20
🇫🇷 Sicilians · France
1151
-13
Unfolder
7:25 Loom
9:56 Feudal Age
12:28 Double-Bit Axe
15:10 Wheelbarrow
21:28 Castle Age
20:06 Scale Barding Armor
20:12 Bloodlines
20:52 Forging
20:26 Horse Collar
22:20 Chain Barding Armor
22:12 Bow Saw
22:34 Husbandry
25:38 Hand Cart
28:07 Town Watch
29:06 Iron Casting
39:45 Heavy Plow
50:05 Imperial Age
47:36 Town Patrol
49:44 Cavalier
52:46 Two-Man Saw
52:35 Plate Barding Armor
52:11 Padded Archer Armor
52:01 Fletching
51:47 Savar
52:55 Conscription
53:08 Conscription
52:56 Elite Skirmisher
53:42 Thumb Ring
53:15 Savar
NOS RENDIMOS
4:54 Loom
10:09 Feudal Age
10:13 Feudal Age
11:35 Town Watch
13:51 Bloodlines
17:04 Wheelbarrow
16:18 Double-Bit Axe
18:15 Scale Barding Armor
20:25 Castle Age
19:18 Scale Barding Armor
19:23 Forging
23:08 Husbandry
25:09 Gold Mining
25:46 Fletching
26:10 Forging
30:47 Bow Saw
33:43 Iron Casting
35:32 Hand Cart
36:22 Stone Mining
40:25 Padded Archer Armor
44:20 Ballistics
43:55 Heated Shot
44:28 Masonry
44:44 Bodkin Arrow
45:52 Town Patrol
51:02 Light Cavalry
53:00 Gold Shaft Mining
53:11 Chain Barding Armor
56:15 Imperial Age
Gorina10
6:58 Loom
9:11 Feudal Age
9:47 Double-Bit Axe
9:43 Horse Collar
15:36 Scale Barding Armor
22:53 Castle Age
22:06 Bloodlines
24:00 Chain Barding Armor
26:59 Husbandry
32:11 Fletching
32:21 Padded Archer Armor
32:48 Bodkin Arrow
42:24 Murder Holes
43:56 Wheelbarrow
47:09 Imperial Age
45:06 Ballistics
45:47 Thumb Ring
46:52 Town Watch
48:34 Heavy Plow
48:45 Bow Saw
48:26 Gold Mining
48:27 Stone Mining
49:35 Bracer
49:50 Leather Archer Armor
50:38 Chemistry
49:00 Heavy Cavalry Archer
50:51 Parthian Tactics
53:08 Hand Cart
52:54 Town Patrol
53:55 Plate Barding Armor
53:50 Ring Archer Armor
Le Cheval
6:41 Loom
9:20 Feudal Age
10:23 Double-Bit Axe
14:44 Fletching
17:12 Wheelbarrow
17:53 Gold Mining
18:19 Padded Archer Armor
26:46 Castle Age
27:07 Crossbowman
27:52 Thumb Ring
27:44 Bodkin Arrow
27:54 Squires
31:05 Bow Saw
35:07 Ballistics
Le Belliqueux
5:48 Loom
9:18 Feudal Age
10:34 Double-Bit Axe
19:02 Fletching
24:22 Castle Age
24:22 Gold Mining
24:13 Horse Collar
24:31 Crossbowman
25:07 Bodkin Arrow
25:22 Pikeman
29:16 Ballistics
30:04 Wheelbarrow
29:43 Bow Saw
30:32 Scale Mail Armor
31:10 Heavy Plow
31:39 Hand Cart
35:02 Thumb Ring
42:57 Imperial Age
44:06 Bracer
43:33 Arbalester
48:00 Chemistry
49:01 Conscription
51:26 Halberdier
52:07 Squires
51:52 Arson
52:19 Forging
52:17 Siege Engineers
53:03 Chain Mail Armor
53:55 Iron Casting
54:40 Two-Man Saw
Le Suricate Cocasse
3:38 Loom
14:20 Feudal Age
23:03 Horse Collar
24:35 Scale Barding Armor
24:42 Forging
25:31 Bloodlines
28:34 Castle Age
28:53 Pikeman
35:00 Squires
40:59 Double-Bit Axe
45:20 Imperial Age
43:06 Scale Mail Armor
43:42 Iron Casting
45:32 Halberdier
49:11 Cavalier
49:53 Husbandry
Connection lost

Rejoining the realm…

Still unreachable

The connection could not be restored.

Session expired

The server has moved on; the page needs a fresh start.